 Dungeon Crawl Stone Soup version 0.14-a0-987-gc8002fa (webtiles) character file.

226 PolkaDot the Ruinous (level 4, 0/28 (30) HPs)
             Began as a Vampire Conjurer on Nov 21, 2013.
             Succumbed to a gnoll's poison
             ... on Level 3 of the Dungeon.
             The game lasted 00:08:29 (3180 turns).

PolkaDot the Ruinous (Vampire Conjurer)             Turns: 3180, Time: 00:08:29

HP   0/28 (30)   AC  5     Str  5      XL: 4   Next: 67%
MP   3/9         EV 12     Int 18      God:
Gold 112         SH  0     Dex 14      Spells:  2 memorised,  4 levels left

Res.Fire  : + . .   See Invis. : +   q - +1,+0 dagger (speed)
Res.Cold  : + . .   Warding    : .   a - +0 robe
Life Prot.: . . .   Conserve   : .   (no shield)
Res.Poison: +       Res.Corr.  : .   (no helmet)
Res.Elec. : +       Clarity    : +   k - +0 elf cloak
Sust.Abil.: . .     Spirit.Shd : .   i - +0 pair of dwarf gloves
Res.Mut.  : .       Stasis     : .   (no boots)
Res.Rott. : .       Flight     : .   n - amulet of clarity {unknown}
Saprovore : . . .                    (no ring)
                                     (no ring)

@: regenerating quickly, very poisoned, very slightly contaminated, slightly
resistant to hostile enchantments, stealthy
A: fangs 3, rugged brown scales 1, see invisible, weak 1, unbreathing
a: no special abilities


You were on level 3 of the Dungeon.
You were very full.

You visited 1 branch of the dungeon, and saw 3 of its levels.

You collected 112 gold pieces.

Inventory:

Hand weapons
 q - a +1,+0 dagger of speed (weapon)
Armour
 a - a +0 robe (worn)
 h - a +1 dwarven buckler
 i - a +0 pair of dwarven gloves (worn)
 k - a +0 elven cloak (worn)
Scrolls
 d - 2 scrolls of teleportation
 e - a scroll of random uselessness {unknown}
 f - 3 scrolls of blinking {unknown}
 g - a scroll of fog {unknown}
 l - 2 scrolls of identify {unknown}
 m - a scroll of enchant armour {unknown}
 o - 2 scrolls of remove curse {unknown}
 p - 2 scrolls of enchant weapon II {unknown}
Jewellery
 n - an amulet of clarity (around neck) {unknown}
Books
 c - a book of Conjurations

   Spells                             Type                      Level
   *Magic Dart                        Conjuration                  1
   *Searing Ray                       Conjuration                  2
   Dazzling Spray                     Conjuration/Hexes            3
   Iskenderun's Mystic Blast          Conjuration                  4
   Iskenderun's Battlesphere          Conjuration/Charms           4
   Fulminant Prism                    Conjuration/Hexes            5


   Skills:
 - Level 2.1 Dodging
 - Level 3.0 Stealth
 + Level 2.2 Spellcasting
 * Level 4.2 Conjurations


You had 4 spell levels left.
You knew the following spells:

 Your Spells              Type           Power        Failure   Level  Hunger
a - Magic Dart            Conj           ###.         3%          1    #......
s - Searing Ray           Conj           ###...       6%          2    ##.....


Dungeon Overview and Level Annotations

Branches:
Dungeon (3/16)

Altars:


Innate Abilities, Weirdness & Mutations

Your natural rate of healing is unusually fast.
You have razor-sharp teeth.*
You have supernaturally acute eyesight.
You can survive without breathing.*
You are partially covered in rugged brown scales (AC +1, +3% HP).*
You are weak. (Str -2)


Message History

You feel very sick.
The gnoll hits you with an uncursed spear!
The searing ray hits the gnoll.
You kill the gnoll!
* * * LOW HITPOINT WARNING * * *
You feel very sick.
* * * LOW HITPOINT WARNING * * *
You feel very sick.
There is an open door here.
Things that are here:
an uncursed spear; an uncursed orcish blowgun; a poisoned needle a gnoll corpse Drink blood from a gnoll corpse? (ye/n/q/i?) Somehow this blood was not very filling!
You feel somewhat more full.
You stop draining the corpse.
All blood oozes out of the corpse!
* * * LOW HITPOINT WARNING * * *
You feel sick.
The gnoll shouts!
You die...

..##
#..........#
#..#
#..........#
##'######
#>.........#
........#
+....).....#
........#
#......%...#
........#
#..........#
..>....<'.
#..........#
........#
#..........#
........#
#...@......#
#'#######
#####)######
#.....# ##.(#
#####'##
#..##
.......#
##'########
.[.....#
#.g.......#
.......#
#.........#
...%.g.+
#.........#
.......#
g.'g........#


There were no monsters in sight!

Vanquished Creatures
  4 adders
  A gnoll (D:3)
  A giant mite (D:3)
  A giant gecko (D:2)
  2 oozes
  An orc (D:3)
  2 giant cockroaches
  3 goblins
  5 hobgoblins
  A ball python (D:3)
  15 bats
  4 giant newts
  A goblin skeleton (D:2)
  9 kobolds
  A kobold skeleton (D:2)
  An orc zombie (D:2)
  10 rats
62 creatures vanquished.

Notes
Turn   | Place    | Note
--------------------------------------------------------------
     0 | D:1      | PolkaDot, the Vampire Conjurer, began the quest for the Orb.
     0 | D:1      | Reached XP level 1. HP: 13/13 MP: 4/4
   260 | D:1      | Reached XP level 2. HP: 16/19 MP: 0/5
   271 | D:1      | Learned a level 2 spell: Searing Ray
  1510 | D:2      | Reached XP level 3. HP: 22/24 MP: 1/7
  2602 | D:3      | Reached XP level 4. HP: 12/30 MP: 1/9
  2727 | D:3      | Reached skill level 4 in Conjurations
  3173 | D:3      | Gained mutation: You are weak. (Str -2) [potion of mutation]
  3173 | D:3      | Gained mutation: You are partially covered in rugged brown scales (AC +1, +3% HP). [potion of mutation]
  3180 | D:3      | Succumbed to a gnoll's poison

Action                   |  1- 3 |  4- 6 || total
-------------------------+-------+-------++-------
Melee: Unarmed           |    36 |     4 ||    40
       Dagger            |       |    29 ||    29
 Cast: Magic Dart        |    88 |     3 ||    91
       Searing Ray       |     5 |     6 ||    11
  Use: Potion            |       |     4 ||     4
       Scroll            |       |     1 ||     1
 Stab: Sleeping          |       |     2 ||     2
